AoeStats
← [CL] Al3jandr0.magn00

Arabia

505285699Analyzed
1v1 RM · 23d ago on Sep 8, 2026· 39m 2s· 2 players
Game mode
Random Map
Map size
Tiny (2 player)
Population
200
Speed
Normal
Resources
Standard
Victory
Conquest
Starting age
Dark Age
Ending age
Imperial Age
RankedLock teamsTeams togetherTeam positionsShared explorationLock speedFull tech treeHidden civsTurbo modeCheats
Victory
Defeat
🇸🇮 Bengalis · Slovenia
1950
+16
🇦🇷 Sicilians · Argentina
1956
-16
Shoskid
6:43 Loom
10:09 Feudal Age
14:41 Castle Age
27:01 Sanctity
32:03 Redemption
[CL] Al3jandr0.magn00
5:48 Loom
9:02 Feudal Age
9:36 Double-Bit Axe
22:25 Fletching
27:00 Town Watch
Connection lost

Rejoining the realm…

Still unreachable

The connection could not be restored.

Session expired

The server has moved on; the page needs a fresh start.